 Dungeon Crawl Stone Soup version 0.31-a0-1172-g9944ec47dd (webtiles) character file.

Game seed: 8580039773388976229

76923 Okkudo the Executioner (level 15, -7/138 HPs)
             Began as a Hill Orc Monk on Dec 10, 2023.
             Was the Champion of Beogh.
             Killed by divine providence
             ... invoked by a meliai
              (16 damage)
             ... on level 14 of the Dungeon.
             The game lasted 01:45:27 (22939 turns).

Okkudo the Executioner (Hill Orc Monk)             Turns: 22939, Time: 01:45:28

Health: -7/138     AC: 33    Str: 22    XL:     15   Next: 55%
Magic:  25/26      EV: 10    Int: 16    God:    Beogh [******]
Gold:   2407       SH:  0    Dex:  8    Spells: 14/14 levels left

rFire   . . .        d - +7 executioner's axe (heavy)
rCold   . . .        (shield currently unavailable)
rNeg    . . .        I - +18 Lear's hauberk
rPois   +            (helmet currently unavailable)
rElec   +            j - scarf of Miracles {harm, rElec rPois}
rCorr   .            (gloves currently unavailable)
SInv    .            (boots currently unavailable)
Will    +++..        l - amulet of faith Stlth
                     C - ring "Humionoe" {rElec rPois Will++ Int+6 Dex-5}
HPRegen 0.43/turn    p - +4 ring of protection
MPRegen 0.20/turn

%: harm (+30% outgoing, +20% incoming), faith
@: about to teleport, studying Summonings
A: walk on water
a: Renounce Religion, Smiting, Recall Orcish Followers, Give Item to Named
Follower, Resurrection


You were on level 14 of the Dungeon.
You worshipped Beogh.
Beogh was exalted by your worship.
You visited 3 branches of the dungeon, and saw 20 of its levels.

You collected 2407 gold pieces.

Inventory:

Hand Weapons
 d - a +7 heavy executioner's axe (weapon)
 u - the +6 shillelagh "Devastator" {shatter}
   (You found it on level 3 of the Dungeon)
 T - a +2 heavy halberd
Missiles
 h - 42 poisoned darts
 P - 6 curare-tipped darts (quivered)
Armour
 j - the scarf of Miracles (worn) {harm, rElec rPois}
   (You acquired it on level 3 of the Dungeon)

   rElec:     It insulates you from electricity.
   rPois:     It protects you from poison
 B - +0 fire dragon scales
 I - the +18 Lear's hauberk (worn)
   (You found it on level 6 of the Dungeon)
Jewellery
 k - a +4 ring of protection
 l - an amulet of faith (around neck)
 p - a +4 ring of protection (right hand)
 C - the ring "Humionoe" (left hand) {rElec rPois Will++ Int+6 Dex-5}
   (You found it on level 5 of the Dungeon)

   [ring of intelligence]

   Int+6:     It affects your intelligence (+6).
   Dex-5:     It affects your dexterity (-5).
   rElec:     It insulates you from electricity.
   rPois:     It protects you from poison Will++: It greatly increases your
   willpower.
 G - a +6 ring of strength
Wands
 q - a wand of acid (12)
 t - a wand of paralysis (44)
 A - a wand of digging (11)
 D - a wand of polymorph (25)
 O - a wand of flame (37)
 W - a wand of iceblast (5)
Scrolls
 a - 2 scrolls of teleportation
 b - 2 scrolls of torment
 g - a scroll of poison {unknown}
 i - a scroll of summoning {unknown}
 r - 3 scrolls of blinking
 v - 5 scrolls of immolation
 w - 3 scrolls of amnesia {unknown}
 x - a scroll of silence {unknown}
 y - 4 scrolls of fear
 K - 2 scrolls of vulnerability
 L - 3 scrolls of fog {unknown}
 M - a scroll of brand weapon {unknown}
 S - 4 scrolls of enchant armour
Potions
 c - a potion of ambrosia
 e - 2 potions of berserk rage {unknown}
 f - 2 potions of might {unknown}
 m - 3 potions of heal wounds {unknown}
 n - 3 potions of mutation {unknown}
 o - 5 potions of lignification {unknown}
 s - 4 potions of curing
 z - 3 potions of enlightenment {unknown}
 E - a potion of degeneration {unknown}
 F - 3 potions of brilliance {unknown}
 J - 2 potions of invisibility {unknown}
 N - 3 potions of magic {unknown}
 U - 2 potions of attraction {unknown}
 V - 4 potions of haste {unknown}
 Z - a potion of experience {unknown}
Miscellaneous
 R - a phial of floods


   Skills:
 + Level 14.0 Fighting
 * Level 21.9(22.8) Axes
 - Level 9.7(15.3) Maces & Flails
 + Level 10.7 Armour
 + Level 4.9 Dodging
 + Level 14.6 Invocations


You had 14 spell levels left.
You didn't know any spells.
Your spell library contained the following spells:

 Spells                   Type           Power      Damage    Failure   Level
 Foxfire                  Conj/Fire      0%         2x1d4     75%         1
 Kiss of Death            Conj/Necr      0%         2d5       75%         1
 Necrotise                Necr           0%         1d4       75%         1
 Sting                    Tmut/Pois      0%         1d3       75%         1
 Blink                    Tloc           0%         N/A       87%         2
 Lesser Beckoning         Tloc           0%         N/A       87%         2
 Momentum Strike          Conj/Tloc      0%         3d8       87%         2
 Poisonous Vapours        Pois/Air       0%         N/A       87%         2
 Confusing Touch          Hex            0%         N/A       98%         3
 Gell's Gravitas          Tloc           0%         N/A       98%         3
 Mephitic Cloud           Conj/Pois/Air  0%         N/A       98%         3
 Ozocubu's Armour         Ice            0%         N/A       98%         3
 Teleport Other           Tloc           0%         N/A       98%         3
 Vampiric Draining        Necr           0%         2d6       98%         3
 Cause Fear               Hex            0%         N/A       100%        4
 Dispel Undead            Necr           0%         3d6       100%        4
 Olgreb's Toxic Radiance  Pois           0%         N/A       100%        4
 Agony                    Necr           0%         N/A       100%        5
 Fireball                 Conj/Fire      0%         3d3       100%        5
 Freezing Cloud           Conj/Ice/Air   0%         6-21      100%        5
 Plasma Beam              Fire/Air       0%         2x1d10    100%        6
 Starburst                Conj/Fire      0%         6d3       100%        6
 Ozocubu's Refrigeration  Ice            0%         4d7       100%        7
 Dragon's Call            Summ           0%         N/A       100%        9


Dungeon Overview and Level Annotations

Branches:
Dungeon (14/15)            Temple (0/1) D:6            Lair (5/5) D:9
  Swamp (0/4) Lair:2        Snake (0/4) Lair:2        Slime (0/5) Lair:5
    Orc (1/2) D:10         Vaults (0/5) D:13

Altars:
Dithmenos
Kikubaaqudgha
Nemelex Xobeh
Ru
Trog
Vehumet
Wu Jian
The Shining One
Jiyva

Shops:
D:1 !   D:3 (   D:9 [

Annotations:
D:9 3 runed translucent doors, 1 exclusion, MrSquiggles's ghost, novice VSBr
D:11 2 transporters
D:12 3 runed translucent doors, Ehotes's ghost, journeyman OpEE
D:13 3 transporters


Message History

Marbaugh is poisoned.
The meliai poisons Marbaugh!
Bladwarg roars a battlecry!
Your orcs go into a battle-frenzy!
Your orc knight roars a battlecry!
Your orcs go into a battle-frenzy!
You swap places.
The meliai hits Marbaugh with a +0 hand axe.
The meliai stings Marbaugh.
The meliai hits Marbaugh with a +0 hand axe.
The meliai misses Marbaugh.
The meliai calls down the wrath of its god upon you.
Something smites you!
* * * LOW HITPOINT WARNING * * *
Marbaugh hits the meliai but does no damage.
Bladwarg closely misses the meliai.
As you read the scroll of teleportation, it crumbles to dust.
You feel strangely unstable.
The meliai hits Marbaugh with a +0 hand axe!
The meliai barely misses Marbaugh.
The meliai mumbles some strange prayers to its god against you.
Something smites you!
* * * LOW HITPOINT WARNING * * *
The meliai barely misses Marbaugh.
The meliai stings Marbaugh!
Marbaugh hits the meliai with a +0 dagger.
Bladwarg hits the meliai from afar with a +0 trident!!
The meliai dies!
Beogh accepts your kill.
Beogh appreciates your killing of a heretic priest.
You feel better.
The meliai closely misses Marbaugh.
The meliai stings Marbaugh but does no damage.
Marbaugh hits the meliai with a +0 dagger!
Bladwarg hits the meliai from afar with a +0 trident!!
The meliai dies!
Beogh accepts your kill.
Beogh appreciates your killing of a heretic priest.
You swap places.
The meliai calls down the wrath of its god upon you.
Something smites you!
You die...

#########
########o......#
......yoooo....#
########oo.....#
#o@o....#
###'##### #o#
#o## #.o# ##.#
#.# ####'######
#### #.oooo....#


You could see a meliai (ally target), a friendly orc knight (strong), the
friendly Bladwarg the orc knight (strong), the friendly Nergalle (strong), the
friendly Marbaugh the orc sorcerer (strong, very poisoned), 4 friendly orc
warriors, a friendly orc priest (strong), the friendly Borgoth the orc priest
(strong), a friendly orc wizard (strong, invisible) and the friendly Arkwar the
orc wizard (strong, invisible).

Vanquished Creatures
  3 dire elephants (Lair:5)
  A fire dragon (Lair:4)
  An entropy weaver (shapeshifter) (D:14)
  4 hydras
  7 vault guards (D:13)
  A catoblepas (D:14)
  An alligator (Lair:2)
  2 boulder beetles
  11 death yaks
  2 centaur warriors
  2 two-headed ogres
  A spectral dire elephant (Lair:5)
  Amaemon (D:11)
  An obsidian statue (Lair:5)
  Pikel (D:4)
  A spectral anaconda (Lair:5)
  A deep elf pyromancer (D:14)
  4 necromancers (Lair:5)
  5 ugly things (D:14)
  3 manticores
  2 cyclopes
  7 elephants (Lair:5)
  2 black mambas (Lair:4)
  An orange demon (D:11)
  14 cane toads
  8 rime drakes
  10 komodo dragons
  An unseen horror (D:11)
  2 freezing wraiths (D:14)
  An efreet (D:14)
  6 trolls
  2 polar bears
  7 blink frogs
  Prince Ribbit (D:9)
  8 slime creatures
  A jumping spider (shapeshifter) (D:14)
  Sigmund (D:5)
  4 wyverns
  2 wraiths
  43 yaks
  A basilisk (Lair:3)
  9 steam dragons
  A death yak simulacrum (Lair:5)
  3 nagas (Lair:2)
  2 acid dragons
  10 water moccasins
  An ice beast (D:7)
  3 orc warriors
  2 sky beasts
  2 black bears
  5 ogres
  4 centaurs
  12 wolves
  A phantom (D:7)
  2 lemures (D:4)
  6 kobold brigands
  10 bullfrogs
  3 scorpions
  14 wights
  2 elephant simulacra (Lair:5)
  10 killer bees
  A howler monkey (shapeshifter) (D:13)
  A howler monkey (D:12)
  4 jellies
  3 hounds (D:5)
  2 gnoll boudas (D:7)
  5 orc priests
  Crazy Yiuf (D:3)
  A sleepcap (D:8)
  Natasha (thrice) (D:3)
  6 iguanas
  8 orc wizards
  4 hell rats
  Robin (D:3)
  2 gnolls (D:7)
  8 adders
  A shadow imp (D:7)
  2 white imps (D:7)
  2 ufetubi (D:5)
  6 worms
  2 dart slugs
  16 orcs
  4 bats
  8 endoplasms
  2 giant cockroaches (D:2)
  12 goblins
  14 hobgoblins
  6 jackals
  21 kobolds
  A quokka (D:3)
  7 ball pythons
  2 frilled lizards
  6 rats
  A butterfly (Lair:3)
442 creatures vanquished.

Vanquished Creatures (collateral kills)
  Rupert (Lair:5)
  A dire elephant (Lair:5)
  A fire dragon (D:14)
  2 hydras
  A vault guard (D:13)
  2 catoblepae
  A boulder beetle (D:12)
  2 death yaks
  A spectral death yak (Lair:5)
  Lodul (D:12)
  A deep elf pyromancer (D:12)
  5 elephants (Lair:5)
  2 ugly things
  A black mamba (Lair:1)
  3 cane toads (Lair:1)
  2 trolls
  2 meliai (D:14)
  2 polar bears
  2 blink frogs (Lair:2)
  3 slime creatures (D:12)
  17 yaks
  2 wraiths (D:12)
  2 wyverns
  5 orc wizards
  2 vampire mosquitoes (D:13)
  2 water moccasins
  A naga (Lair:2)
  An orc warrior (D:9)
  A black bear (Lair:1)
  7 wolves
  6 ogres (D:12)
  A centaur (D:7)
  An elephant skeleton (Lair:5)
  4 bullfrogs
  4 wights
  A killer bee (D:7)
  A howler monkey (D:7)
  2 orc priests
  A jelly (Lair:5)
  6 hell rats
  A gnoll (D:7)
  7 orcs
  13 kobolds
  2 butterflies
126 creatures vanquished.

Vanquished Creatures (others)
  An orc knight (D:8)
  5 orc warriors
  A human (D:8)
  6 orc priests
  6 orc wizards
  19 orcs
38 creatures vanquished.

Grand Total: 606 creatures vanquished

Notes
Turn   | Place    | Note
-------+----------+-------------------------------------------
     0 | D:1      | Okkudo the Hill Orc Monk began the quest for the Orb.
     0 | D:1      | Reached XP level 1. HP: 19/19 MP: 1/1
    60 | D:1      | Reached XP level 2. HP: 23/26 MP: 2/2
   142 | D:1      | Reached skill level 5 in Axes
   185 | D:1      | Found Maquon's Distillery.
   231 | D:1      | Reached XP level 3. HP: 24/31 MP: 3/3
   816 | D:2      | Reached skill level 6 in Axes
   943 | D:2      | Reached XP level 4. HP: 36/39 MP: 4/4
  1606 | D:3      | Reached skill level 7 in Axes
  1677 | D:3      | Reached XP level 5. HP: 38/45 MP: 5/5
  1710 | D:3      | Noticed Robin
  1743 | D:3      | Killed Robin
  1858 | D:3      | Noticed Natasha
  1860 | D:3      | Reached skill level 8 in Axes
  1875 | D:3      | Killed Natasha
  2001 | D:3      | Found the +6 shillelagh "Devastator" {shatter}
  2014 | D:3      | Found a runed translucent door.
  2015 | D:3      | Noticed Crazy Yiuf
  2070 | D:3      | Noticed Natasha
  2084 | D:3      | Killed Natasha
  2106 | D:3      | Reached XP level 6. HP: 48/51 MP: 6/6
  2271 | D:3      | Found Egekup's Antique Weapon Shop.
  2311 | D:3      | Noticed Natasha
  2323 | D:3      | Killed Natasha
  2449 | D:4      | Reached skill level 9 in Axes
  2590 | D:4      | Noticed an orc warrior
  3046 | D:4      | Became a worshipper of Beogh the Brigand
  3046 | D:4      | Reached * piety under Beogh
  3046 | D:4      | Reached ** piety under Beogh
  3056 | D:4      | Noticed Pikel
  3064 | D:4      | Killed Pikel
  3065 | D:4      | Reached XP level 7. HP: 39/57 MP: 7/7
  3065 | D:4      | Reached XP level 8. HP: 44/64 MP: 8/8
  3226 | D:4      | Found a shadowy altar of Dithmenos.
  3236 | D:4      | Found a glowing golden altar of the Shining One.
  3757 | D:5      | Entered Level 5 of the Dungeon
  4046 | D:5      | Identified the ring "Humionoe" {rElec rPois Will++ Int+6
                  | Dex-5}
  4251 | D:5      | Noticed Sigmund
  4260 | D:5      | Killed Sigmund
  4271 | D:5      | Found a sparkling altar of Nemelex Xobeh.
  4737 | D:3      | Identified 2 scrolls of acquirement
  4739 | D:3      | Acquired the scarf of Miracles {harm, rElec rPois}
  4759 | D:3      | Acquired a +1 heavy executioner's axe
  4778 | D:3      | Killed Crazy Yiuf
  4872 | D:6      | Reached skill level 1 in Invocations
  4872 | D:6      | Reached XP level 9. HP: 66/71 MP: 9/9
  4967 | D:6      | Reached skill level 10 in Axes
  5191 | D:6      | Found a staircase to the Ecumenical Temple.
  5264 | D:6      | Reached *** piety under Beogh
  5581 | D:6      | Reached skill level 5 in Fighting
  5682 | D:6      | Reached skill level 11 in Axes
  5816 | D:6      | Noticed a troll
  5820 | D:6      | Killed a troll
  5831 | D:6      | Found the +18 Lear's hauberk
  6229 | D:7      | Reached skill level 12 in Axes
  6229 | D:7      | Reached skill level 5 in Invocations
  6229 | D:7      | Reached XP level 10. HP: 79/83 MP: 13/13
  6254 | D:7      | Gained Warrok as an ally
  6310 | D:7      | Reached **** piety under Beogh
  6655 | D:7      | Reached skill level 13 in Axes
  6670 | D:7      | Reached ***** piety under Beogh
  7401 | D:8      | Found a sacrificial altar of Ru.
  7540 | D:8      | You fall into a shaft and drop 1 floor!
  7568 | D:9      | Found a staircase to the Lair.
  7639 | D:8      | Found an ornate altar of the Wu Jian Council.
  7693 | D:8      | Your ally Warrok died
  7809 | D:8      | Found an ancient bone altar of Kikubaaqudgha.
  8143 | D:8      | Reached skill level 14 in Axes
  8756 | D:9      | Found Mankaosk's Antique Armour Emporium.
  8855 | D:9      | Reached XP level 11. HP: 94/94 MP: 16/16
  8961 | D:9      | Found a runed translucent gate.
  8961 | D:9      | Found a runed translucent gate.
  8961 | D:9      | Found a runed translucent gate.
  8961 | D:9      | Noticed a ten-headed hydra
  8961 | D:9      | Noticed a ten-headed hydra
  8961 | D:9      | Noticed MrSquiggles's ghost (novice VSBr)
  9034 | D:9      | Noticed Prince Ribbit
  9041 | D:9      | Reached skill level 1 in Armour
  9047 | D:9      | Killed Prince Ribbit
  9130 | D:9      | Found a bloodstained altar of Trog.
  9155 | D:9      | Found a radiant altar of Vehumet.
  9504 | D:10     | Entered Level 10 of the Dungeon
  9544 | D:10     | Noticed Nergalle
  9988 | D:10     | Found a staircase to the Orcish Mines.
 10038 | D:10     | Reached skill level 15 in Axes
 10704 | D:11     | Noticed a two-headed ogre
 10705 | D:11     | Killed a two-headed ogre
 11017 | D:11     | Found a transporter.
 11020 | D:11     | Found a transporter.
 11022 | D:11     | Found a transporter.
 11027 | D:11     | Found a transporter.
 11180 | D:11     | Noticed Amaemon
 11187 | D:11     | Killed Amaemon
 11503 | D:12     | Identified the +1 scale mail of Rofuch {Slay+2}
 11580 | D:12     | Reached skill level 16 in Axes
 11614 | D:12     | Found a runed translucent gate.
 11614 | D:12     | Found a runed translucent gate.
 11614 | D:12     | Found a runed translucent gate.
 11614 | D:12     | Noticed an azure jelly
 11614 | D:12     | Noticed an acid blob
 11614 | D:12     | Noticed an azure jelly
 11614 | D:12     | Noticed an azure jelly
 11614 | D:12     | Noticed a quicksilver ooze
 11614 | D:12     | Noticed an azure jelly
 11614 | D:12     | Noticed an azure jelly
 11614 | D:12     | Noticed an azure jelly
 11615 | D:12     | Found a viscous altar of Jiyva.
 11615 | D:12     | Noticed Ehotes's ghost (journeyman OpEE)
 11615 | D:12     | Noticed an acid blob
 11615 | D:12     | Noticed a glowing orange brain
 11615 | D:12     | Noticed an acid blob
 11615 | D:12     | Noticed an acid blob
 11616 | D:12     | Noticed an acid blob
 11616 | D:12     | Noticed a rockslime
 11644 | D:12     | Noticed a cyclops
 11651 | D:12     | Killed a cyclops
 11697 | D:12     | Noticed a boulder beetle
 11700 | D:12     | Killed a boulder beetle
 11701 | D:12     | Reached XP level 12. HP: 83/106 MP: 19/19
 11704 | D:12     | Reached ****** piety under Beogh
 11782 | D:12     | Reached skill level 5 in Armour
 11904 | D:12     | Identified the +1 ring mail "Gaucoytz" {rN++ rCorr SInv
                  | Stlth-}
 11943 | D:12     | Reached skill level 10 in Invocations
 12008 | D:12     | Reached skill level 10 in Fighting
 12044 | D:12     | Noticed Lodul
 12053 | D:12     | Killed Lodul
 12458 | Lair:1   | Entered Level 1 of the Lair of Beasts
 12465 | Lair:1   | Reached skill level 17 in Axes
 12478 | Lair:1   | Gained Learuk as an ally
 12491 | Lair:1   | Your ally Learuk died
 12539 | Lair:1   | Gained Marbaugh as an ally
 12673 | Lair:1   | Noticed a catoblepas
 12678 | Lair:1   | Killed a catoblepas
 13091 | Orc:1    | Entered Level 1 of the Orcish Mines
 13266 | Lair:2   | Noticed a catoblepas
 13272 | Lair:2   | Killed a catoblepas
 13273 | Lair:2   | Gained Borgoth as an ally
 13398 | Lair:2   | Reached skill level 18 in Axes
 13401 | Lair:2   | Reached XP level 13. HP: 107/116 MP: 21/21
 13959 | Lair:2   | Found a staircase to the Swamp.
 14009 | Lair:2   | Found a staircase to the Snake Pit.
 14146 | Lair:2   | You fall into a shaft and drop 2 floors!
 14183 | Lair:4   | Reached skill level 19 in Axes
 14491 | Lair:4   | Noticed a fire dragon
 14503 | Lair:4   | Killed a fire dragon
 14930 | Lair:3   | Reached XP level 14. HP: 96/127 MP: 23/23
 16172 | Lair:3   | Reached skill level 20 in Axes
 17651 | Lair:5   | Entered Level 5 of the Lair of Beasts
 17659 | Lair:5   | Noticed Rupert
 17893 | Lair:5   | Gained Bogwik as an ally
 17962 | Lair:5   | Found a viscous altar of Jiyva.
 17962 | Lair:5   | Found a staircase to the Slime Pits.
 18008 | Lair:5   | Killed Rupert
 18178 | Lair:5   | Gained Bladwarg as an ally
 18489 | Lair:5   | Noticed a dire elephant
 18490 | Lair:5   | Noticed a dire elephant
 18490 | Lair:5   | Noticed a dire elephant
 18490 | Lair:5   | Noticed a dire elephant
 18495 | Lair:5   | Killed a dire elephant
 19135 | Lair:5   | Killed a dire elephant
 19136 | Lair:5   | Reached skill level 21 in Axes
 19140 | Lair:5   | Killed a dire elephant
 19143 | Lair:5   | Killed a dire elephant
 19145 | Lair:5   | Reached skill level 10 in Armour
 19147 | Lair:5   | Your ally Bogwik died
 20493 | D:13     | Reached XP level 15. HP: 126/136 MP: 25/25
 20690 | D:13     | Found a gate to the Vaults.
 20823 | D:13     | Gained Arkwar as an ally
 21037 | D:13     | Found a transporter.
 21043 | D:13     | Found a transporter.
 21103 | D:13     | Found a transporter.
 21268 | D:13     | Found a transporter.
 21687 | D:14     | HP: 4/137 [barbs]
 22932 | D:14     | HP: 5/138 [meliai/divine providence (20)]
 22937 | D:14     | HP: 3/138 [meliai/divine providence (8)]
 22939 | D:14     | Killed from afar by a meliai

Illustrated notes

Levels and vault maps discovered:
D:1:      dpeg_arrival_three_same_balls, layout_rooms, serial_shops, shop
D:2:      layout_loops_ring
D:3:      layout_rooms, serial_shops, shop, minmay_strange_pillars,
          uniq_natasha, uniq_crazy_yiuf_cottage, uniq_robin
D:4:      layout_basic, minitemple, guppyfry_early_orc_mine, uniq_pikel
D:5:      layout_basic, general_overflow_altar, minmay_manual_mares,
          uniq_sigmund
D:6:      layout_basic, minmay_temple_entry_trees, hellmonk_guarded_unrand_lears
D:7:      cheibrodos_fzero, layout_basic
D:8:      layout_loops_corners, tgw_kikubaaqudgha,
          mainiacjoe_overflow_boulevard, mainiacjoe_overflow_chevrons
D:9:      minmay_weird_star, layout_gridville, mainiacjoe_overflow_two_lobes,
          serial_shops, nicolae_shop_pleasant_corner_grove,
          gammafunk_ghost_hydra_chop, chequers_serial_rivers_micro_d,
          uniq_prince_ribbit1
D:10:     layout_roguey, orc_0_dummy, uniq_nergalle
D:11:     layout_loops_ring, st_stairs_5, nicolae_diode_quadrants, uniq_amaemon
D:12:     layout_small_grid, gammafunk_ghost_ooze,
          minmay_fractal_squares_gapless_5, uniq_lodul
D:13:     layout_roguey, erik_vaults_2, nicolae_transporter_intersection
D:14:     layout_roguey, minmay_misc_feat_enclosed, serial_shops,
          nicolae_shop_hallway_stairs
Lair:1:   layout_cave_shapes, grunt_megastairs_1, lemuel_fruit_tree
Lair:2:   layout_chaotic_city, mainiacjoe_swamp_entry_lozenge_pond,
          minmay_snake_entry_guardpost_small, serial_bayou_crossing
Lair:3:   layout_cave_pods, lemuel_fruit_fields, grunt_megastairs_4,
          serial_bayou_shore_b
Lair:4:   layout_regular_city, bobbens_dragon_lair_wall
Lair:5:   due_jungle_book, layout_regular_city, minmay_slime_entry_pillars,
          serial_bayou_shore_b, grunt_megastairs_5, lemuel_fruit_fields,
          lemuel_fruit_fields, uniq_rupert
Orc:1:    layout_caves, minmay_orc_temple_a, uniq_josephine, uniq_harold

Skill      XL: |  1  2  3  4  5  6  7  8  9 10 11 12 13 14 15 |
---------------+----------------------------------------------+-----
Axes           | 5 6 7 8 9 12 14 16 18 19 21 | 21.9
Maces & Flails | 6 9 |  9.7
Invocations    | 1 5 7 9 11 12 14 | 14.6
Fighting       | 6 8 9 11 12 13 14 | 14.0
Armour         | 4 6 8 10 | 10.7
Dodging        | 4 |  4.9

Action                     |  1- 3 |  4- 6 |  7- 9 | 10-12 | 13-15 || total
---------------------------+-------+-------+-------+-------+-------++-------
  Melee: Hand axe          |   119 |   223 |       |       |       ||   342
         Shillelagh        |       |    13 |    31 |       |       ||    44
         Executioner's axe |       |       |    88 |   241 |   365 ||   694
 Invoke: Convert to Beogh  |       |     1 |       |       |       ||     1
         Recall Orcish Fol |       |       |       |     5 |     2 ||     7
         Give Item to Name |       |       |       |       |     5 ||     5
  Evoke: Wand              |       |     3 |       |       |     1 ||     4
    Use: Scroll            |       |       |     7 |    11 |     6 ||    24
         Potion            |       |       |       |       |     4 ||     4
   Stab: Distracted        |       |       |       |     5 |     3 ||     8
         Confused          |       |       |       |     1 |     1 ||     2
         Paralysed         |       |       |       |     1 |       ||     1
 Armour: Robe              |    14 |       |       |       |       ||    14
         Chain mail        |    50 |   183 |   143 |   362 |   509 ||  1247
  Dodge: Dodged            |    53 |    84 |    60 |   157 |   180 ||   534

Table legend: (Time is in decaauts)
 A = Elapsed time spent in this place.
 B = Non-inter-level travel time spent in this place.
 C = Inter-level travel time spent in this place.
 D = Time resting spent in this place.
 E = Time spent auto-exploring this place.
 F = Levels seen in this place.
 G = Mean time per level.
                   A        B        C        D        E       F      G
               +--------+--------+--------+--------+--------+-----+--------+
         Total |  23333 |  22815 |    518 |   4707 |   7910 |  20 | 1166.7 |
       Dungeon |  15698 |  15296 |    402 |   2823 |   5414 |  14 | 1121.3 |
          Lair |   7630 |   7514 |    116 |   1884 |   2496 |   5 | 1526.0 |
  Orcish Mines |      3 |      3 |      0 |      0 |      0 |   1 |    3.0 |
               +--------+--------+--------+--------+--------+-----+--------+

Top non-repeatable levels by time:
  Lair:5: 2174 daAuts
  Lair:3: 1632 daAuts
  Lair:4: 1624 daAuts
    D:14: 1497 daAuts
  Lair:2: 1495 daAuts
     D:8: 1473 daAuts
     D:6: 1443 daAuts
    D:10: 1383 daAuts
     D:4: 1258 daAuts
     D:3: 1175 daAuts
     D:9: 1114 daAuts
    D:13: 1101 daAuts
     D:7: 1009 daAuts
    D:12: 978 daAuts
     D:5: 938 daAuts
